 Dungeon Crawl Stone Soup version 0.31-a0-948-gf5be29c462 (webtiles) character file.

Game seed: 3451760172593783387

217931 Reshi88 the Spry (level 18, -2/157 (168) HPs)
             Began as a Minotaur Fighter on Oct 21, 2023.
             Was a Believer of Lugonu.
             Slain by a +3 eveningstar of distortion (4 damage)
             ... on level 2 of the Elven Halls.
             The game lasted 01:12:32 (30762 turns).

Reshi88 the Spry (Minotaur Fighter)                Turns: 30762, Time: 01:12:33

HP:   -2/157 (168)  AC: 39    Str: 22 (23) XL:     18   Next: 40%
MP:   24/25         EV: 13    Int: 10      God:    Lugonu [**....]
Gold: 715           SH: 14    Dex: 20      Spells: 17/20 levels left

rFire   . . .        A - +3 broad axe (flame)
rCold   + + .        c - +0 buckler
rNeg    . . .        W - +8 orange crystal plate armour {Archmagi, Int+3 Clar}
rPois   .            M - +2 hat
rElec   .            Q - scarf {+Inv}
rCorr   .            y - +2 pair of gloves
SInv    +            f - +0 pair of boots of Whack-A-Mole {rC++ Slay+3}
Will    +....        j - amulet of reflection Stlth
                     n - ring of see invisible
HPRegen 0.46/turn    r - +6 ring of dexterity
MPRegen 0.19/turn

%: reflection, clarity, archmagi
@: slowed, studying Shields, drained, invisible, very slow
A: horns 2, retaliatory headbutt
}: 1/15 runes: barnacled
a: Renounce Religion, Evoke Invisibility, Depart the Abyss, Banish


You were on level 2 of the Elven Halls.
You worshipped Lugonu.
Lugonu was pleased with you.
You visited 7 branches of the dungeon, and saw 28 of its levels.
You visited the Abyss 2 times.
You also visited: Ossuary.

You collected 4363 gold pieces.
You spent 3648 gold pieces at shops.

Inventory:

Hand Weapons
 A - a +3 broad axe of flaming (weapon)
Missiles
 N - 17 javelins
Armour
 c - a +0 buckler (worn)
 f - the +0 pair of boots of Whack-A-Mole (worn) {rC++ Slay+3}
   (You found it on level 1 of the Elven Halls)

   Slay+3:    It affects your accuracy & damage with ranged weapons and melee
   (+3).
   rC++:      It greatly protects you from cold.
 y - a +2 pair of gloves (worn)
 M - a +2 hat (worn)
 Q - a scarf of invisibility (worn)
 W - the +8 orange crystal plate armour (worn) {Archmagi, Int+3 Clar}
   (You bought it in a shop on level 2 of the Orcish Mines)

   Int+3:     It affects your intelligence (+3).
   Clar:      It protects you from confusion, rage, mesmerisation and fear.
Jewellery
 j - an amulet of reflection (around neck)
 k - an amulet of the acrobat
 n - a ring of see invisible (left hand)
 r - a +6 ring of dexterity (right hand)
 t - a ring of flight
 D - an amulet of regeneration
Wands
 g - a wand of acid (2)
 l - a wand of polymorph (21)
 C - a wand of iceblast (36)
 E - a wand of charming (10)
 J - a wand of flame (19)
 U - a wand of mindburst (8)
Scrolls
 a - 4 scrolls of brand weapon
 e - a scroll of vulnerability
 h - a scroll of poison
 o - 5 scrolls of fog
 u - 10 scrolls of teleportation
 G - 2 scrolls of silence
 T - a scroll of revelation
Potions
 b - 2 potions of cancellation
 d - a potion of might
 i - 6 potions of lignification
 s - 3 potions of attraction
 w - 3 potions of haste {unknown}
 x - 3 potions of invisibility
 z - 2 potions of berserk rage
 I - a potion of ambrosia {unknown}
 K - 3 potions of mutation
 V - a potion of resistance {unknown}
 Z - a potion of brilliance {unknown}
Miscellaneous
 H - a phantom mirror


   Skills:
 * Level 16.8 Fighting
 + Level 15.4 Axes
 + Level 15.6 Armour
 + Level 17.2 Dodging
 + Level 16.5 Shields
 - Level 1.8 Spellcasting
 - Level 1.9 Conjurations
 - Level 2.0 Air Magic
 - Level 2.0 Poison Magic
 + Level 11.4 Invocations
 + Level 10.3 Evocations


You had 17 spell levels left.
You knew the following spells:

 Your Spells              Type           Power      Damage    Failure   Level
a - Mephitic Cloud        Conj/Pois/Air  7%         N/A       100%        3

Your spell library contained the following spells:

 Spells                   Type           Power      Damage    Failure   Level
 Magic Dart               Conj           28%        1d4       99%         1
 Kiss of Death            Conj/Necr      16%        2d6       100%        1
 Necrotise                Necr           4%         1d4       100%        1
 Call Imp                 Summ           2%         N/A       100%        2
 Poisonous Vapours        Pois/Air       14%        N/A       100%        2
 Sublimation of Blood     Necr           1%         N/A       100%        2
 Call Canine Familiar     Summ           1%         N/A       100%        3
 Confusing Touch          Hex            1%         N/A       100%        3
 Sigil of Binding         Hex            1%         N/A       100%        3
 Vampiric Draining        Necr           1%         2d6       100%        3
 Dimensional Bullseye     Hex/Tloc       0%         N/A       100%        4
 Dispel Undead            Necr           1%         3d6       100%        4
 Leda's Liquefaction      Hex/Erth       0%         N/A       100%        4
 Petrify                  Tmut/Erth      1%         N/A       100%        4
 Agony                    Necr           1%         N/A       100%        5
 Freezing Cloud           Conj/Ice/Air   2%         6-21      100%        5
 Irradiate                Conj/Tmut      2%         3d12      100%        5
 Iskenderun's Battlesphe  Conj           7%         2d6       100%        5
 Summon Forest            Summ/Tloc      0%         N/A       100%        5
 Bombard                  Conj/Erth      2%         9d1       100%        6
 Eringya's Noxious Bog    Tmut/Pois      2%         4d6       100%        6
 Spellforged Servitor     Conj/Summ      2%         N/A       100%        7
 Summon Hydra             Summ           0%         N/A       100%        7


Dungeon Overview and Level Annotations

Branches:
Dungeon (13/15) Temple (1/1) D:6 Lair (5/5) D:11 Shoals (4/4) Lair:2 Spider (1/4) Lair:2 Slime (0/5) Lair:5 Orc (2/2) D:9 Elf (2/3) Orc:2 Vaults (0/5) D:12 D:13 Ossuary (visited)

Altars:
Ashenzari
Cheibriados
Dithmenos
Elyvilon
Fedhas
Gozag
Hepliaklqana
Kikubaaqudgha
Makhleb
Nemelex Xobeh
Okawaru
Qazlal
Ru
Sif Muna
Trog
Uskayaw
Vehumet
Wu Jian
Xom
Yredelemnul
Zin
The Shining One

Shops:
D:1 :   D:4 ?   D:6 !   D:9 !   D:10 *   Orc:1 ?   Orc:2 [[(:*   Elf:1 :
Shoals:1 *

Annotations:
D:4 2 transporters, Error4North's ghost, amateur DrSh
Orc:2 2 transporters, zkyp's ghost, journeyman DgBr
Elf:2 Roxanne


Innate Abilities, Weirdness & Mutations

You have a pair of horns on your head.
You reflexively headbutt those who attack you in melee.


Message History

You hit the sixfirhy. You burn the sixfirhy.
The sixfirhy is severely wounded.
The sixfirhy hits you.
* * * LOW HITPOINT WARNING * * *
The sixfirhy shocks you!
* * * LOW HITPOINT WARNING * * *
The sixfirhy barely misses you. You furiously retaliate!
You headbutt the sixfirhy!
You kill the sixfirhy!
You feel better.
The worldbinder calls forth creatures from the Crypt!
You feel better.
You feel better.
You fade into invisibility!
You block the worldbinder's attack. x2; The freezing wraith hits you.
* * * LOW HITPOINT WARNING * * *
The freezing wraith freezes you. You resist.
* * * LOW HITPOINT WARNING * * *
The freezing wraith hits you.
* * * LOW HITPOINT WARNING * * *
The freezing wraith drains your vigour!
You feel yourself slow down.
Your memory of the abyssal rune fades away.
You pass through the gate.
Welcome back to the Elven Halls!
Level annotation: Roxanne The +3 eveningstar of distortion hits you!
* * * LOW HITPOINT WARNING * * *
Space warps around you.
* * * LOW HITPOINT WARNING * * *
The +3 eveningstar of distortion hits you.
* * * LOW HITPOINT WARNING * * *
Space warps around you.
* * * LOW HITPOINT WARNING * * *
You miss the +3 eveningstar of distortion.
You headbutt the +3 eveningstar of distortion.
The +3 eveningstar of distortion is moderately damaged.
You block the +3 eveningstar of distortion's attack.
The +3 eveningstar of distortion hits you but does no damage.
Space warps around you.
You die...

###### ###### ######
##....###@(..####...)#
##....#...#....##...)#...#
#....#.....#........#.....#
#...#.......#......#.......
#..#.........#....#........
#.#...........#..#.........
##.............##..........
##.............# ..........
# #.#...........#..#......


You could see a +3 eveningstar of distortion (unable to see you).

Vanquished Creatures
  A deep elf blademaster (Elf:2)
  Gastronok (D:10)
  Agnes (Lair:2)
  Kirke (Lair:2)
  Aizul (Shoals:3)
  Ilsuiw (Shoals:3)
  2 deep elf sorcerers
  A deep elf elementalist (Elf:1)
  A formless jellyfish (Shoals:4)
  The ghost of Puehisaith the Earth Mage, a journeyman GrEE of Gozag (Shoals:3)
  6 merfolk javelineers
  6 merfolk impalers
  A deep elf high priest (Elf:1)
  Erolcha (D:12)
  Fannar (D:11)
  3 hydras (Lair:5)
  A jorogumo (Spider:1)
  4 ogre magi (Orc:2)
  12 two-headed ogres
  A catoblepas (Lair:5)
  An anaconda (shapeshifter) (Elf:1)
  A centaur warrior (D:12)
  A radroach (Spider:1)
  2 alligator snapping turtles
  A merfolk aquamancer (Shoals:4)
  A boulder beetle (D:12)
  5 merfolk avatars
  38 dancing weapons
  A demonic crawler (Spider:1)
  Urug (D:11)
  23 deep elf knights
  A skyshark (shapeshifter) (Elf:1)
  A fire crab (shapeshifter) (Elf:2)
  2 pharaoh ants (Spider:1)
  5 skysharks
  Lodul (D:12)
  A goliath frog (Lair:5)
  A sixfirhy (Abyss:3)
  16 sea snakes
  15 deep elf archers
  A lindwurm (Lair:5)
  An orc knight (Orc:1)
  A wolf spider (Spider:1)
  22 deep elf pyromancers
  32 deep elf zephyrmancers
  18 harpies
  18 manticores
  6 fauns
  An ugly thing (D:12)
  7 cyclopes
  An orc sorcerer (Orc:1)
  A worldbinder (Abyss:3)
  9 elephants
  3 moths of wrath
  17 merfolk sirens
  6 black mambas
  8 water nymphs
  A torpor snail (Lair:5)
  2 unseen horrors
  28 cane toads
  2 kobold demonologists (D:12)
  Maggie (D:7)
  11 komodo dragons
  An ancient zyme (Abyss:3)
  A polar bear (Lair:3)
  3 tyrant leeches (Lair:5)
  40 merfolk
  9 trolls
  3 meliai (Spider:1)
  2 hornets
  3 wind drakes
  6 tarantellas (Spider:1)
  17 blink frogs
  8 dream sheep
  6 snapping turtles
  Sigmund (D:5)
  A culicivora (Spider:1)
  A culicivora (shapeshifter) (Elf:2)
  3 air elementals (Elf:1)
  4 shadows
  A vampire (D:12)
  8 water elementals
  2 wraiths
  4 wyverns (Lair:2)
  6 fire elementals
  3 hogs
  2 basilisks
  80 yaks
  16 humans
  3 steam dragons
  11 vampire mosquitoes
  15 redbacks
  Menkaure (D:5)
  Duvessa (D:7)
  An acid dragon (D:8)
  22 water moccasins
  11 orc warriors
  4 sky beasts
  2 ice beasts
  24 ogres
  5 black bears
  2 wolves (D:11)
  10 centaurs
  4 phantoms
  5 kobold brigands
  19 bullfrogs
  2 elf zombies (Ossuary)
  4 earth elementals (Elf:1)
  3 gnoll sergeants
  A scorpion (Lair:1)
  3 wights (D:7)
  Dowan (D:7)
  2 troll zombies (D:9)
  4 killer bees (D:10)
  7 electric eels
  A howler monkey (D:10)
  12 hounds
  18 orc priests
  2 human zombies (Ossuary)
  16 iguanas
  Ijyb (D:5)
  27 orc wizards
  2 sleepcaps
  4 ogre zombies (D:9)
  2 mummies (Ossuary)
  11 gnolls
  8 adders
  2 shadow imps
  3 white imps
  2 adder zombies (Ossuary)
  4 dart slugs
  81 orcs
  7 ball pythons
  15 bats
  4 endoplasms
  4 giant cockroaches
  13 goblins
  5 hobgoblins
  8 jackals
  3 quokkas
  14 frilled lizards
  3 gnoll skeletons (D:9)
  A gnoll zombie (D:9)
  A goblin zombie (Ossuary)
  8 hobgoblin zombies (Ossuary)
  2 jackal zombies (Ossuary)
  23 kobolds
  7 kobold zombies (Ossuary)
  26 orc zombies
  5 rats
  2 rat zombies (Ossuary)
  2 tentacles (Shoals:3)
1109 creatures vanquished.

Vanquished Creatures (collateral kills)
  A kraken (Shoals:3)
  3 two-headed ogres
  A merfolk (Shoals:3)
  An ogre (Orc:2)
  A tentacle (Shoals:3)
7 creatures vanquished.

Vanquished Creatures (others)
  A deep elf knight (Elf:2)
  3 deep elf pyromancers
  A deep elf zephyrmancer (Elf:1)
  2 deep elf archers (Elf:1)
  An orc knight (D:12)
  A merfolk (Shoals:4)
  A water elemental (Elf:1)
  2 humans (Spider:1)
  A swamp drake (D:12)
  2 kobold brigands (D:12)
  An orc wizard (D:5)
  A frilled lizard (D:12)
  A kobold (D:12)
  6 tentacles (Shoals:3)
24 creatures vanquished.

Grand Total: 1140 creatures vanquished

Notes
Turn   | Place    | Note
-------+----------+-------------------------------------------
     0 | D:1      | Reshi88 the Minotaur Fighter began the quest for the Orb.
     0 | D:1      | Reached XP level 1. HP: 19/19 MP: 0/0
    56 | D:1      | Reached XP level 2. HP: 22/27 MP: 1/1
   134 | D:1      | Found Woseffol's Book Boutique.
   374 | D:1      | Reached XP level 3. HP: 33/33 MP: 2/2
  1065 | D:3      | Reached XP level 4. HP: 41/41 MP: 3/3
  1201 | D:3      | Reached skill level 1 in Dodging
  1565 | D:4      | Found Ofaur's Magic Scroll Shop.
  1569 | D:4      | Noticed a black bear
  1591 | D:4      | Killed a black bear
  1592 | D:4      | Reached XP level 5. HP: 32/47 MP: 4/4
  1612 | D:4      | Reached skill level 2 in Dodging
  1642 | D:4      | Bought a scroll of brand weapon for 95 gold pieces
  1713 | D:4      | Reached XP level 6. HP: 55/55 MP: 5/5
  1727 | D:4      | Reached skill level 5 in Fighting
  1808 | D:4      | Reached skill level 5 in Armour
  1808 | D:4      | Reached skill level 5 in Shields
  1886 | D:4      | Found a transporter.
  1886 | D:4      | Noticed Error4North's ghost (amateur DrSh)
  1888 | D:4      | Found a transporter.
  2342 | D:5      | Entered Level 5 of the Dungeon
  2372 | D:5      | Reached XP level 7. HP: 59/61 MP: 6/6
  2404 | D:5      | Reached skill level 5 in Axes
  2404 | D:5      | Reached skill level 3 in Dodging
  2462 | D:5      | Found a sand-covered staircase.
  2472 | Ossuary  | Entered an ossuary
  2755 | D:5      | Reached XP level 8. HP: 70/70 MP: 7/7
  2800 | D:5      | Noticed Ijyb
  2813 | D:5      | Killed Ijyb
  2814 | D:5      | Noticed Menkaure
  2817 | D:5      | Reached skill level 4 in Dodging
  2825 | D:5      | Killed Menkaure
  3061 | D:5      | Noticed Sigmund
  3066 | D:5      | Killed Sigmund
  3620 | D:5      | Reached skill level 5 in Dodging
  3840 | D:6      | Found a staircase to the Ecumenical Temple.
  3862 | Temple   | Entered the Ecumenical Temple
  3869 | Temple   | Became a worshipper of Cheibriados the Contemplative
  3990 | D:6      | Reached XP level 9. HP: 79/79 MP: 8/8
  4048 | D:6      | Noticed a troll
  4055 | D:6      | Killed a troll
  4056 | D:6      | Reached skill level 1 in Invocations
  4352 | D:6      | Found Wamifi's Distillery.
  4632 | D:7      | Noticed Duvessa
  4632 | D:7      | Noticed Dowan
  4635 | D:7      | Reached skill level 6 in Dodging
  4637 | D:7      | Killed Duvessa
  4641 | D:7      | Killed Dowan
  4693 | D:7      | Reached * piety under Cheibriados
  4785 | D:7      | Reached skill level 1 in Evocations
  4961 | D:7      | Identified the +3 ring mail "Gonken" {rF- rN+ MP+9 Int+5}
  4992 | D:7      | Noticed Maggie
  5000 | D:7      | Killed Maggie
  5255 | D:7      | Reached skill level 7 in Dodging
  5559 | D:8      | Reached ** piety under Cheibriados
  5560 | D:8      | Reached XP level 10. HP: 88/88 MP: 11/11
  5728 | D:8      | Found a stormy altar of Qazlal.
  5730 | D:8      | Found a bloodstained altar of Trog.
  5731 | D:8      | Found an opulent altar of Gozag.
  5737 | D:8      | Found a sacrificial altar of Ru.
  5739 | D:8      | Found a sparkling altar of Nemelex Xobeh.
  5740 | D:8      | Found a shadowy altar of Dithmenos.
  5742 | D:8      | Found an ornate altar of the Wu Jian Council.
  5746 | D:8      | Found a glowing golden altar of the Shining One.
  5747 | D:8      | Found an iron altar of Okawaru.
  5898 | D:8      | Reached *** piety under Cheibriados
  6784 | D:9      | Found a staircase to the Orcish Mines.
  6841 | D:9      | Reached skill level 8 in Dodging
  6855 | D:9      | Reached **** piety under Cheibriados
  6998 | D:9      | Found Kawosm's Distillery.
  7003 | D:9      | Bought a potion of heal wounds for 75 gold pieces
  7416 | D:10     | Entered Level 10 of the Dungeon
  7437 | D:10     | Found a large runed translucent door.
  7438 | D:10     | Found a large runed translucent door.
  7462 | D:10     | Noticed a two-headed ogre
  7466 | D:10     | Killed a two-headed ogre
  7476 | D:10     | Noticed Gastronok
  7493 | D:9      | Reached XP level 11. HP: 88/97 MP: 13/13
  7797 | D:10     | Found a hide-covered altar of Uskayaw.
  7987 | D:10     | Found Teampoug's Demolitions Depot.
  8215 | D:10     | Found a glowing silver altar of Zin.
  8227 | D:10     | Found a hazy altar of Hepliaklqana.
  8237 | D:10     | Reached skill level 9 in Dodging
  8320 | D:10     | Killed Gastronok
  8581 | D:11     | Noticed a two-headed ogre
  8586 | D:11     | Killed a two-headed ogre
  8623 | D:11     | Noticed a two-headed ogre
  8629 | D:11     | Killed a two-headed ogre
  8691 | D:11     | Reached skill level 5 in Invocations
  8698 | D:11     | Reached ***** piety under Cheibriados
  8709 | D:11     | Reached skill level 10 in Dodging
  8871 | D:11     | Found a staircase to the Lair.
  9043 | D:11     | Noticed Urug
  9054 | D:11     | Killed Urug
  9055 | D:11     | Reached skill level 10 in Armour
  9070 | D:11     | Reached skill level 10 in Fighting
  9404 | D:11     | Noticed Fannar
  9418 | D:11     | Killed Fannar
  9733 | D:12     | Reached XP level 12. HP: 106/106 MP: 15/15
  9744 | D:12     | Reached skill level 10 in Shields
  9779 | D:12     | Noticed Erolcha
  9999 | D:12     | Killed Erolcha
 10052 | D:12     | Reached skill level 10 in Axes
 10261 | D:12     | Noticed a centaur warrior
 10268 | D:12     | Killed a centaur warrior
 10269 | D:12     | Reached skill level 5 in Evocations
 10358 | D:12     | Noticed a boulder beetle
 10362 | D:12     | Reached skill level 11 in Dodging
 10371 | D:12     | Killed a boulder beetle
 10473 | D:12     | Found an ornate altar of the Wu Jian Council.
 11053 | D:13     | Noticed a centaur warrior
 11053 | D:13     | Noticed Lodul
 11053 | D:13     | Found a gate to the Vaults.
 11586 | D:12     | Killed Lodul
 11675 | Lair:1   | Entered Level 1 of the Lair of Beasts
 11712 | Lair:1   | Reached XP level 13. HP: 111/116 MP: 16/16
 11992 | Lair:1   | Reached skill level 12 in Dodging
 11993 | Lair:1   | Reached ****** piety under Cheibriados
 12444 | Lair:2   | Found a staircase to the Shoals.
 12850 | Lair:2   | Found a hole to the Spider Nest.
 13870 | Lair:3   | Reached skill level 13 in Dodging
 14506 | Lair:4   | Reached XP level 14. HP: 126/126 MP: 18/18
 14828 | Lair:4   | You fall into a shaft and drop 1 floor!
 14828 | Lair:5   | Entered Level 5 of the Lair of Beasts
 15646 | Lair:5   | Reached skill level 14 in Dodging
 15801 | Lair:5   | Found a staircase to the Slime Pits.
 15911 | Lair:5   | Identified the +0 leather armour of Dishonour {+Blink
                  | Str+5}
 16341 | Orc:1    | Entered Level 1 of the Orcish Mines
 16529 | Orc:1    | Found a burning altar of Makhleb.
 16674 | Orc:1    | Found Socrihix's Magic Scroll Emporium.
 16776 | Orc:2    | Entered Level 2 of the Orcish Mines
 16777 | Orc:2    | Found a staircase to the Elven Halls.
 16967 | Orc:2    | Reached XP level 15. HP: 90/134 MP: 0/20
 16975 | Orc:2    | Found Jaammug's Antique Armour Boutique.
 16975 | Orc:2    | Found Erykufil's Antique Weapon Emporium.
 16976 | Orc:2    | Found Mienos's Book Emporium.
 16976 | Orc:2    | Found Juale's General Store.
 17178 | Orc:2    | Found a bloodstained altar of Trog.
 17187 | Orc:2    | Noticed zkyp's ghost (journeyman DgBr)
 17190 | Orc:2    | Found a transporter.
 17208 | Orc:2    | Found a transporter.
 17239 | Orc:2    | Found Zidadd's Antique Armour Shoppe.
 17508 | Spider:1 | Entered Level 1 of the Spider Nest
 17530 | Spider:1 | Noticed Agnes
 17621 | Lair:2   | Killed Agnes
 18127 | Spider:1 | Reached skill level 15 in Dodging
 18243 | Spider:1 | Noticed Kirke
 18316 | Lair:2   | Killed Kirke
 19000 | Crypt:3  | Identified the "Qeixonk"
 19000 | Depths:3 | Identified the "Ehupt"
 19000 | Depths:3 | Identified the "Nocokir"
 19000 | Elf:1    | Entered Level 1 of the Elven Halls
 19002 | Elf:1    | Found Emoaroc's Book Shoppe.
 19022 | Elf:1    | Noticed a deep elf sorcerer
 19027 | Elf:1    | Killed a deep elf sorcerer
 19642 | Elf:1    | Paralysed by an air elemental for 1 turns
 19744 | Elf:1    | Paralysed by an air elemental for 1 turns
 19751 | Elf:1    | Identified the +0 pair of boots of Whack-A-Mole {rC++
                  | Slay+3}
 19945 | Elf:1    | Learned a level 3 spell: Mephitic Cloud
 20108 | Elf:1    | Paralysed by an air elemental for 1 turns
 20247 | Elf:1    | Reached skill level 1 in Poison Magic
 20247 | Elf:1    | Reached XP level 16. HP: 28/118 MP: 5/22
 20260 | Elf:1    | Reached skill level 1 in Conjurations
 20260 | Elf:1    | Reached skill level 1 in Air Magic
 20376 | Elf:1    | Reached skill level 1 in Spellcasting
 21444 | Elf:1    | Reached skill level 16 in Dodging
 22858 | Orc:2    | Bought the +8 orange crystal plate armour {Archmagi, Int+3
                  | Clar} for 3468 gold pieces
 22858 | Orc:2    | Found the +8 orange crystal plate armour {Archmagi, Int+3
                  | Clar}
 23043 | Shoals:1 | Entered Level 1 of the Shoals
 23091 | Shoals:1 | Reached skill level 10 in Invocations
 23181 | Shoals:1 | Found Tiahirgh's CLEARANCE SALE!.
 23191 | Shoals:1 | Bought a potion of heal wounds for 10 gold pieces
 24394 | Shoals:2 | Reached XP level 17. HP: 154/154 MP: 23/23
 24714 | Shoals:3 | Found a runed translucent gate.
 24720 | Shoals:3 | Found a runed translucent gate.
 24724 | Shoals:3 | Found a runed translucent gate.
 24933 | Shoals:3 | Noticed a kraken
 24936 | Shoals:3 | Noticed Aizul
 24950 | Shoals:3 | Killed a kraken
 24951 | Shoals:3 | Reached skill level 15 in Fighting
 24954 | Shoals:3 | Killed Aizul
 25137 | Shoals:3 | Noticed Ilsuiw
 25172 | Shoals:3 | Killed Ilsuiw
 25629 | Shoals:3 | Noticed Puehisaith's ghost (journeyman GrEE)
 25645 | Shoals:3 | Killed Puehisaith's ghost
 25671 | Shoals:4 | Entered Level 4 of the Shoals
 25688 | Shoals:4 | Reached skill level 15 in Shields
 26113 | Shoals:4 | Reached skill level 15 in Armour
 26131 | Shoals:4 | Identified the orb of Ucsaasiu {guile, Dex+5}
 26844 | Shoals:4 | Identified the +4 great sword of Bankruptcy {flame, rF+
                  | Int+5}
 26895 | Shoals:4 | Identified the +1 rapier of False Hope {flame, rF+ rC+
                  | Dex+5}
 26933 | Shoals:4 | Got a barnacled rune of Zot
 27346 | Elf:1    | Reached skill level 15 in Axes
 27642 | Elf:2    | Reached skill level 10 in Evocations
 27769 | Elf:1    | Reached XP level 18. HP: 128/166 MP: 25/25
 27774 | Elf:1    | Reached skill level 17 in Dodging
 28248 | Abyss:3  | Found a corrupted altar of Lugonu.
 28248 | Abyss:3  | Cast into level 3 of the Abyss (a deep elf sorcerer)
 28255 | Abyss:3  | Fell from the grace of Cheibriados
 28255 | Abyss:3  | Became a worshipper of Lugonu the Unformed
 28255 | Abyss:3  | Reached * piety under Lugonu
 28255 | Abyss:3  | Reached ** piety under Lugonu
 28298 | Abyss:3  | Noticed a dread lich
 28303 | Elf:2    | Escaped the Abyss
 29533 | Elf:2    | Noticed Roxanne
 29726 | Elf:2    | Found a runed translucent gate.
 29726 | Elf:2    | Found a runed translucent gate.
 29727 | Elf:2    | Found a runed translucent gate.
 30716 | Elf:2    | HP: 1/156 [+3 eveningstar of distortion (12)]
 30721 | Abyss:3  | Cast into level 3 of the Abyss (+3 eveningstar of
                  | distortion)
 30756 | Abyss:3  | HP: 2/156 [sixfirhy (10)]
 30761 | Elf:2    | Escaped the Abyss
 30761 | Elf:2    | HP: 7/157 [+3 eveningstar of distortion (3)]
 30761 | Elf:2    | HP: 2/157 [+3 eveningstar of distortion (3)]
 30762 | Elf:2    | Slain by a +3 eveningstar of distortion

Illustrated notes

Levels and vault maps discovered:
D:1:      eino_arrival_water_cross, layout_rooms, serial_shops, shop,
          minmay_pentomino_x4
D:2:      layout_loops_cross, dreamdust_ecumenical_altar_hidden_monk_grotto
D:3:      layout_loops_ring
D:4:      layout_loops_ring, serial_shops, shop, gammafunk_ghost_arena,
          roderic_batcave
D:5:      layout_basic, nicolae_ossuary_entry_monument, uniq_menkaure,
          uniq_sigmund, uniq_ijyb
D:6:      layout_rooms, minmay_temple_entry_butterflies, serial_shops,
          nicolae_shop_real_fake_doors
D:7:      layout_gridville, uniq_maggie, uniq_duvessa
D:8:      layout_basic, nicolae_overflow_hallway_of_the_gods, special_room
          [special_room_orc], dreamdust_mushroom_princess
D:9:      layout_basic, zombieorc1_lemuel, serial_shops, shop,
          kennysheep_small_square
D:10:     layout_gridville, jmf_multi_god_temple2,
          eat_drink_and_be_merry_uskayaw, nicolae_blasting_shop,
          dreamdust_wishing_well, chequers_serial_rivers_micro_e, uniq_gastronok
D:11:     layout_loops_ring, erik_lair_island, uniq_urug, uniq_fannar
D:12:     lemuel_reptile_caves, layout_long_grid,
          pdpol_wu_jian_five_deadly_venoms, uniq_erolcha
D:13:     layout_layer_cave, david_vaults_3, special_room [special_room_orc],
          uniq_josephine
Temple:   hellmonk_temple_micro_hex
Lair:1:   layout_cave_shapes, serial_bayou_pond_a, beast_lair_carwin_8
Lair:2:   layout_regular_city, shoals_dummy_entry, dummy_spider_entry,
          guppyfry_lair_drakes, serial_bayou_shore_b
Lair:3:   layout_hall_layers, infiniplex_staircase_pool, serial_bayou_shore_a
Lair:4:   layout_regular_city
Lair:5:   minmay_lair_end_frog_pond, layout_long_grid, dpeg_slime_entry_enclosed
Shoals:1: layout_shoals, nicolae_shop_clearance
Shoals:2: layout_shoals
Shoals:3: layout_shoals, ebering_ghost_rock_garden, uniq_aizul, uniq_ilsuiw
Shoals:4: shoals_end_hangedman, layout_shoals
Spider:1: layout_spider_delve, uniq_kirke, uniq_agnes
Orc:1:    layout_caves, serial_shops, nicolae_shop_rolled_up, bloody_makhleb
Orc:2:    st_orc_ogre_mass, layout_caves, basic_altar,
          gammafunk_ghost_wrathful_warriors, serial_shops, shop
Elf:1:    minmay_the_grid_square_5x5_5x5 [minmay_the_grid_square_5x5_dogpile,
          minmay_the_grid_square_5x5_doubleslash,
          minmay_the_grid_square_5x5_n_small,
          minmay_the_grid_square_5x5_tri_point,
          minmay_the_grid_square_5x5_almost_minimal,
          minmay_the_grid_square_5x5_two,
          minmay_the_grid_square_5x5_prize_rear_guard,
          minmay_the_grid_square_5x5_beaten_path,
          minmay_the_grid_square_5x5_prize_itemx,
          minmay_the_grid_square_5x5_pentomino_r,
          minmay_the_grid_square_5x5_six_small,
          minmay_the_grid_square_5x5_minibox,
          minmay_the_grid_square_5x5_prize_pseudospiral,
          minmay_the_grid_square_5x5_fancy_junction,
          minmay_the_grid_square_5x5_checkered_statues,
          minmay_the_grid_square_5x5_minivault,
          minmay_the_grid_square_5x5_prize_snowflake,
          minmay_the_grid_square_5x5_checkered_sparse,
          minmay_the_grid_square_5x5_prize_gold, minmay_the_grid_square_5x5_tie,
          minmay_the_grid_square_5x5_broken_cross,
          minmay_the_grid_square_5x5_detours,
          minmay_the_grid_square_5x5_three_small,
          minmay_the_grid_square_5x5_shuriken,
          minmay_the_grid_square_5x5_hollow_slash], layout_geoelf_diagonals,
          serial_shops, nicolae_shop_hallway_plus,
          hangedman_elven_crosses_minicolossus,
          nicolae_elf_glass_and_crystal_pillar_1
Elf:2:    nicolae_elf_blades_splatter_lattice [nicolae_blade_entry_antechamber],
          layout_rooms, uniq_roxanne

Skill      XL: |  1  2  3  4  5  6  7  8  9 10 11 12 13 14 15 16 17 18 |
---------------+-------------------------------------------------------+-----
Fighting       | 4 5 6 7 8 9 10 11 12 13 14 16 | 16.8
Armour         | 4 5 6 7 8 9 10 11 12 13 14 15 | 15.6
Shields        | 4 5 6 7 8 9 10 11 12 13 14 15 16 | 16.5
Axes           | 3 4 5 6 7 8 9 10 11 12 13 14 15 | 15.4
Dodging        | 1 2 3 5 7 8 10 11 13 14 15 16 17 | 17.2
Invocations    | 2 4 5 6 7 8 9 10 11 | 11.4
Evocations     | 1 3 4 5 6 7 8 9 10 | 10.3
Poison Magic   | 1 2 |  2.0
Conjurations   | 1 |  1.9
Air Magic      | 2 |  2.0
Spellcasting   | 1 |  1.8

Action                     |  1- 3 |  4- 6 |  7- 9 | 10-12 | 13-15 | 16-18 || total
---------------------------+-------+-------+-------+-------+-------+-------++-------
  Melee: War axe           |    86 |   124 |   217 |       |       |       ||   427
         Headbutt          |    12 |    18 |    35 |   119 |   164 |   235 ||   583
         Broad axe         |       |       |    20 |   437 |   680 |   827 ||  1964
 Invoke: Slouch            |       |       |       |     3 |    10 |     7 ||    20
         Depart the Abyss  |       |       |       |       |       |     2 ||     2
         Banish            |       |       |       |       |       |     1 ||     1
Ability: Evoke Invisibilit |       |       |       |       |     1 |     2 ||     3
  Evoke: Wand              |       |       |       |    11 |     4 |     2 ||    17
         Phantom mirror    |       |       |       |     3 |     2 |     1 ||     6
    Use: Scroll            |       |    11 |     3 |     5 |    17 |    16 ||    52
         Potion            |       |       |     1 |     4 |     7 |    10 ||    22
   Stab: Distracted        |       |       |       |     2 |     5 |     3 ||    10
         Sleeping          |       |       |       |     1 |     5 |       ||     6
         Invisible         |       |       |       |       |     3 |    14 ||    17
 Armour: Scale mail        |    31 |       |       |       |       |       ||    31
         Chain mail        |    46 |   122 |    12 |       |       |       ||   180
         Plate armour      |       |       |   156 |       |       |       ||   156
         Ring mail         |       |       |    16 |   241 |   166 |       ||   423
         Leather armour    |       |       |       |       |   136 |    75 ||   211
         Crystal plate arm |       |       |       |       |       |   650 ||   650
  Dodge: Dodged            |    39 |    81 |   112 |   417 |   752 |   879 ||  2280
  Block: Buckler           |    31 |   100 |   161 |   209 |   391 |   599 ||  1491
         Reflection        |     1 |       |     2 |       |     8 |    63 ||    74

Table legend: (Time is in decaauts)
 A = Elapsed time spent in this place.
 B = Non-inter-level travel time spent in this place.
 C = Inter-level travel time spent in this place.
 D = Time resting spent in this place.
 E = Time spent auto-exploring this place.
 F = Levels seen in this place.
 G = Mean time per level.
                   A        B        C        D        E       F      G
               +--------+--------+--------+--------+--------+-----+--------+
         Total |  44275 |  40439 |   3836 |   8256 |  23503 |  31 | 1428.2 |
       Dungeon |  15789 |  13599 |   2190 |   1755 |   8937 |  13 | 1214.5 |
        Temple |     16 |     10 |      6 |      0 |      0 |   1 |   16.0 |
          Lair |   8815 |   8271 |    544 |    705 |   6317 |   5 | 1763.0 |
        Shoals |   6799 |   6369 |    430 |    482 |   4692 |   4 | 1699.8 |
   Spider Nest |   1275 |   1206 |     69 |    484 |    498 |   1 | 1275.0 |
  Orcish Mines |   2111 |   1777 |    334 |     72 |   1334 |   2 | 1055.5 |
   Elven Halls |   9014 |   8753 |    261 |   4708 |   1571 |   2 | 4507.0 |
         Abyss |    113 |    113 |      0 |     43 |      0 |   2 |   56.5 |
       Ossuary |    340 |    340 |      0 |      6 |    153 |   1 |  340.0 |
               +--------+--------+--------+--------+--------+-----+--------+

Top non-repeatable levels by time:
   Elf:1: 5737 daAuts
   Elf:2: 3276 daAuts
    D:12: 2606 daAuts
  Lair:2: 2305 daAuts
Shoals:4: 2266 daAuts
    D:11: 2214 daAuts
  Lair:3: 1865 daAuts
    D:10: 1844 daAuts
  Lair:5: 1822 daAuts
  Lair:4: 1704 daAuts
Shoals:3: 1668 daAuts
     D:8: 1648 daAuts
     D:9: 1588 daAuts
Shoals:1: 1539 daAuts
     D:7: 1418 daAuts
